 Dungeon Crawl Stone Soup version 0.29-a0-284-gf9362112df (webtiles) character file.

Game seed: 10548405464089823007

85 cheechan the Stinger (level 4, -2/27 HPs)
             Began as an Octopode Venom Mage on Mar 30, 2022.
             Slain by Grinder (6 damage)
             ... while paralysed by Grinder
             ... on level 3 of the Dungeon.
             The game lasted 00:06:27 (1805 turns).

cheechan the Stinger (Octopode Venom Mage)          Turns: 1805, Time: 00:06:27

Health: -2/27      AC:  5    Str:  7    XL:     4   Next: 48%
Magic:  2/7        EV:  2    Int: 17    God:
Gold:   154        SH:  0    Dex: 14    Spells: 3/7 levels left

rFire   . . .      SeeInvis .   q - +2 hunting sling (flame)
rCold   . . .      Faith    +   (no shield)
rNeg    . . .      Spirit   .   (helmet restricted)
rPois   .          Reflect  .   l - amulet of faith
rElec   .          Harm     .   c - +4 ring of protection
rCorr   .          Rampage  .   (no ring)
Will    .....                   (no ring)
Stlth   +++.......              (no ring)
HPRegen 0.09/turn               (no ring)
MPRegen 0.10/turn               (no ring)
                                (no ring)
                                (no ring)

@: paralysed
A: almost no armour, amphibious, 8 rings, camouflage 1, gelatinous body 1,
(nimble swimmer 1), tentacles
a: no special abilities


You were on level 3 of the Dungeon.
You visited 1 branch of the dungeon, and saw 3 of its levels.

You collected 154 gold pieces.

Inventory:

Hand Weapons
 g - a +0 dagger
 q - a +2 hunting sling of flaming (weapon)
Missiles
 e - 5 boomerangs
 i - 33 stones
Jewellery
 c - a +4 ring of protection (left tentacle)
 l - an amulet of faith (around mantle)
Scrolls
 b - 2 scrolls of identify
 f - 2 scrolls of teleportation
 h - a scroll of brand weapon {unknown}
 k - a scroll of holy word {unknown}
 o - a scroll of immolation {unknown}
Potions
 a - 2 potions of magic
 d - a potion of brilliance
 m - a potion of haste {unknown}
 p - a potion of cancellation {unknown}
 r - a potion of might {unknown}


   Skills:
 + Level 0.1 Short Blades
 + Level 1.2 Slings
 + Level 2.2 Dodging
 + Level 3.0 Stealth
 + Level 2.4 Spellcasting
 + Level 2.0 Transmutations
 + Level 4.5 Poison Magic


You had 3 spell levels left.
You knew the following spells:

 Your Spells              Type           Power      Damage    Failure   Level
a - Sting                 Tmut/Pois      52%        1d5       4%          1
b - Magic Dart            Conj           8%         1d3       19%         1
c - Poisonous Vapours     Pois/Air       18%        N/A       11%         2

Your spell library contained the following spells:

 Spells                   Type           Power      Damage    Failure   Level
 Searing Ray              Conj           4%         2d4       28%         2
 Mephitic Cloud           Conj/Pois/Air  7%         N/A       30%         3
 Olgreb's Toxic Radiance  Pois           17%        N/A       28%         4
 Fulminant Prism          Conj/Hex       1%         3d6       88%         4


Dungeon Overview and Level Annotations

Branches:
Dungeon (3/15)

Altars:

Shops:
D:3 (

Annotations:
D:2 Robin
D:3 Grinder


Innate Abilities, Weirdness & Mutations

You cannot wear most types of armour.
You are amphibious.
You can wear up to eight rings at the same time.
Your skin changes colour to match your surroundings (Stealth+).
Your rubbery body absorbs attacks. (AC +1, EV +1)
((You are camouflaged when in or above water. (Stealth+)))
You have tentacles for arms and can constrict up to eight enemies at once.


Message History

Confirm with . or Enter, or press ? or * to list all spells.
Aiming: Sting (safe; 4% risk of failure)
Press: ? - help, Shift-Dir - straight line, f/p - Grinder
Aim: Grinder (lightly wounded, very poisoned, 68% to hit)
The sting hits Grinder.
Grinder partially resists.
Grinder looks even sicker.
Grinder is lightly wounded.
Grinder misses you.
Unknown command.
Casting: Sting (safe; 4% risk of failure)
Confirm with . or Enter, or press ? or * to list all spells.
Aiming: Sting (safe; 4% risk of failure)
Press: ? - help, Shift-Dir - straight line, f/p - Grinder
Aim: Grinder (lightly wounded, very poisoned, 68% to hit)
The sting hits Grinder.
Grinder partially resists.
Grinder looks as sick as possible!
Grinder is lightly wounded.
Grinder says, "DUCK!"
Grinder hits you!
* * * LOW HITPOINT WARNING * * *
You writhe in agony.
* * * LOW HITPOINT WARNING * * *
Okay, then.
As you read the scroll labelled LUAGREE KOSCH, it crumbles to dust.
It is a scroll of identify.
d - a potion of brilliance Grinder hits you but does no damage.
Your magical contamination has completely faded away.
As you read the scroll labelled TOTYZUY VAULIX, it crumbles to dust.
It is a scroll of amnesia.
Really abort (and waste the scroll)?
Okay, then.
Grinder closely misses you.
As you read the scroll labelled LAINOCVOFA, it crumbles to dust.
You feel aware of your surroundings.
It was a scroll of magic mapping.
Grinder gestures at you.
You suddenly lose the ability to move!
Grinder hits you.
* * * LOW HITPOINT WARNING * * *
You writhe in agony.
You die...

*,,,,,** #.# ,,,,,,,** #.#
,**+**,,** #.# **,,,**,,*
#.# *,,,,,*,,* #$#
*,,,,,*,,*
#.#####*****######
*,,,,,*,,*
#.#...,,,,,,,.....
**,,,**,,*
#####5#.#********#.#.#
,*****,,** #....@..#
####.#.# ,,,,,,,,*
#.#####.# #.......
*,,,,,*,* ##.## #.#
#.##.#†# ,,,,,,,,* #...#
##.## ##.##.#.# *******,*
#.#.# #...#####...#....
*,*##...###...##........#.#
*,*#.....##.∩.##.##...#....
#.##.............###.##....
#..........).....# #.##....


You could see Grinder (very poisoned).

Vanquished Creatures
  An orc priest (D:3)
  Terence (D:2)
  A worm (D:3)
  A dart slug (D:1)
  3 orcs (D:3)
  An endoplasm (D:2)
  A giant cockroach (D:2)
  2 goblins
  A hobgoblin (D:2)
  4 kobolds
  3 ball pythons
  3 bats (D:2)
  3 rats
25 creatures vanquished.

Notes
Turn   | Place    | Note
-------+----------+-------------------------------------------
     0 | D:1      | cheechan the Octopode Venom Mage began the quest for the
                  | Orb.
     0 | D:1      | Reached XP level 1. HP: 11/11 MP: 3/3
   120 | D:1      | Learned a level 1 spell: Magic Dart
   170 | D:1      | Reached skill level 4 in Poison Magic
   442 | D:1      | Reached XP level 2. HP: 17/17 MP: 1/5
   685 | D:2      | Noticed Terence
   697 | D:2      | Killed Terence
   698 | D:2      | Reached XP level 3. HP: 5/21 MP: 1/6
   974 | D:2      | Noticed Robin
   983 | D:2      | Learned a level 2 spell: Poisonous Vapours
  1362 | D:2      | You fall into a shaft and drop 1 floor!
  1398 | D:3      | Reached skill level 1 in Slings
  1398 | D:3      | Reached XP level 4. HP: 8/27 MP: 0/7
  1749 | D:3      | Found Sawuw's Antique Weapon Shoppe.
  1787 | D:3      | Noticed Grinder
  1804 | D:3      | Paralysed by Grinder for 4 turns
  1805 | D:3      | Slain by Grinder

Illustrated notes

Levels and vault maps discovered:
D:1:      psy_arrival_whirlpool, layout_basic
D:2:      minmay_general_purpose_star, layout_loops_ring,
          shapermc_ecumenical_altar_mp_highgroup, small_statue_intersection,
          minmay_misc_feat_four_crosses, uniq_terence, uniq_robin
D:3:      layout_loops_ring, serial_shops, shop, mrwooster_statue_mirror,
          kennysheep_jessica_study, uniq_grinder

Skill      XL: |  1  2  3 |
---------------+----------+-----
Poison Magic   | 4 |  4.5
Stealth        | 3 |  3.0
Slings         | 1 |  1.2
Transmutations | 2 |  2.0
Short Blades   | |  0.1
Dodging        | |  2.2
Spellcasting   | |  2.4

Action                   |  1- 3 |  4- 6 || total
-------------------------+-------+-------++-------
Melee: Dagger            |    14 |       ||    14
       Tentacles         |     4 |     1 ||     5
       Constrict         |     4 |       ||     4
       Hunting sling     |       |     1 ||     1
 Fire: Hunting sling     |     9 |     9 ||    18
 Cast: Sting             |    24 |    10 ||    34
       Magic Dart        |     4 |       ||     4
       Poisonous Vapours |     1 |       ||     1
  Use: Scroll            |     1 |     3 ||     4
 Stab: Sleeping          |     1 |       ||     1
Armor: Skin              |     9 |     5 ||    14
Dodge: Dodged            |    27 |     9 ||    36

Table legend: (Time is in decaauts)
 A = Elapsed time spent in this place.
 B = Non-inter-level travel time spent in this place.
 C = Inter-level travel time spent in this place.
 D = Time resting spent in this place.
 E = Time spent auto-exploring this place.
 F = Levels seen in this place.
 G = Mean time per level.
                   A        B        C        D        E       F      G
               +--------+--------+--------+--------+--------+-----+--------+
         Total |   1811 |   1811 |      0 |    462 |      0 |   3 |  603.7 |
       Dungeon |   1811 |   1811 |      0 |    462 |      0 |   3 |  603.7 |
               +--------+--------+--------+--------+--------+-----+--------+

Top non-repeatable levels by time:
     D:2: 715 daAuts
     D:1: 647 daAuts
     D:3: 449 daAuts
